 Dungeon Crawl Stone Soup version 0.23.0-3-gf3c87f2df8 (webtiles) character file.

Game seed: 14597669721034316228

49 DildoBatman the Conjurer (level 3, 0/21 HPs)
             Began as an Octopode Wizard on Feb 22, 2019.
             Slain by a centaur skeleton (5 damage)
             ... on level 3 of the Dungeon.
             The game lasted 00:06:49 (1950 turns).

DildoBatman the Conjurer (Octopode Wizard)          Turns: 1950, Time: 00:06:49

Health: 0/21       AC:  1    Str:  6    XL:     3   Next: 75%
Magic:  7/7        EV: 13    Int: 21    God:
Gold:   127        SH:  0    Dex: 10    Spells: 7/8 levels left

rFire    + . .     SeeInvis .   d - -1 spear (curse)
rCold    . . .     Gourm    .   (no shield)
rNeg     . . .     Faith    .   t - +0 hat
rPois    .         Spirit   .   (no amulet)
rElec    .         Reflect  .   k - ring of protection from fire
rCorr    .         Harm     .   (no ring)
MR       .....                  (no ring)
Stlth    +++.......             (no ring)
HPRegen  0.07/turn              (no ring)
MPRegen  0.10/turn              (no ring)
                                (no ring)
                                (no ring)

@: no status effects
A: almost no armour, stealthy swim, amphibious, 8 rings, constrict 8, camouflage
1, gelatinous body 1
a: no special abilities


You were on level 3 of the Dungeon.
You were not hungry.

You visited 1 branch of the dungeon, and saw 3 of its levels.

You collected 127 gold pieces.

Inventory:

Hand Weapons
 a - a +2 short sword of holy wrath
 b - a +0 hunting sling
 d - a cursed -1 spear (weapon)
Missiles
 h - 19 stones (quivered)
 o - 39 bolts
 p - 28 arrows
 q - 34 sling bullets
 s - 5 tomahawks
Armour
 t - a +0 hat (worn)
Jewellery
 k - a ring of protection from fire (left tentacle)
Scrolls
 e - 2 scrolls of enchant weapon {unknown}
 g - 2 scrolls of remove curse {unknown}
 i - 3 scrolls of teleportation {unknown}
 j - 2 scrolls of identify {unknown}
 n - a scroll of amnesia {unknown}
Potions
 c - a potion of brilliance {unknown}
 f - a potion of degeneration {unknown}
 l - a potion of mutation {unknown}
 r - a potion of curing {unknown}
Comestibles
 m - 2 chunks of flesh
 v - 4 rations


   Skills:
 - Level 2.0 Dodging
 - Level 2.6 Stealth
 - Level 3.0 Spellcasting
 * Level 3.5 Conjurations
   Level 1.0 Summonings
   Level 1.0 Translocations


You had 7 spell levels left.
You knew the following spells:

 Your Spells              Type           Power        Failure   Level  Hunger
c - Magic Dart            Conj           ###.         3%          1    None

Your spell library contained the following spells:

 Spells                   Type           Power        Failure   Level  Hunger
 Blink                    Tloc           N/A          13%         2    ##.....
 Call Imp                 Summ           #.......     13%         2    ##.....
 Conjure Flame            Conj/Fire      ##......     19%         3    ###....
 Slow                     Hex            #.......     21%         2    ##.....
 Mephitic Cloud           Conj/Pois/Air  #.......     24%         3    ###....


Dungeon Overview and Level Annotations

Branches:
Dungeon (3/15)

Altars:

Annotations:
D:1 Terence
D:2 1 exclusion


Innate Abilities, Weirdness & Mutations

You cannot wear most types of armour.
You are very stealthy in the water. (Stealth+)
You are amphibious.
You can wear up to eight rings at the same time.
You can use your tentacles to constrict eight enemies at once.
Your skin changes colour to match your surroundings (Stealth+).
Your rubbery body absorbs attacks. (AC +1, EV +1)


Message History

You can't see any susceptible monsters within range! (Use Z to cast anyway.) No target in view!
Found 17 bolts.
Found a glowing short sword.
A centaur skeleton comes into view.
Things that are here:
a +0 dagger 2 stones a kobold corpse The kobold corpse isn't edible.
Found a scale mail.
Memorise Conjure Flame, consuming 3 spell levels and leaving 4?
Okay, then.
Unknown command.
The centaur skeleton hits you. The centaur skeleton misses you.
The centaur skeleton hits you. The centaur skeleton hits you.
The centaur skeleton hits you.
You die...

#### ###...## #.#### ...# #...#
#)# ...# #...# ###.##### #..#
#...####### #)......#####
#..######......>..###............
.................................
#.....................#..........
................[....)...........
..#.#####.รท....Z@..##....#.......
..#.# #...#####[.##.......#####
....# #...# #...)).....## ..###
#...# #<##.##.#### ..# #...#
#.##.##># ..# #...# #.......# ...
..... ####.#### ......# #.. ###


You could see a centaur skeleton.

Vanquished Creatures
  An ooze (D:1)
  A dart slug (D:2)
  2 leopard geckos (D:2)
  4 orcs (D:3)
  6 bats
  2 giant cockroaches (D:1)
  2 goblins (D:1)
  A hobgoblin (D:2)
  A jackal (D:3)
  5 kobolds
  2 quokkas
  2 ball pythons
  3 frilled lizards
  2 rats
34 creatures vanquished.

Notes
Turn   | Place    | Note
-------+----------+-------------------------------------------
     0 | D:1      | DildoBatman the Octopode Wizard began the quest for the
                  | Orb.
     0 | D:1      | Reached XP level 1. HP: 11/11 MP: 4/4
   234 | D:1      | Reached XP level 2. HP: 13/17 MP: 0/6
   935 | D:2      | Noticed Terence
  1356 | D:2      | Reached XP level 3. HP: 21/21 MP: 0/7
  1950 | D:3      | Slain by a centaur skeleton

Skill      XL: |  1  2  3 |
---------------+----------+-----
Conjurations   | 2 3 |  3.5
Dodging        | |  2.0
Stealth        | |  2.6
Spellcasting   | |  3.0
Summonings     | |  1.0
Translocations | |  1.0

Action                   || total
-------------------------++-------
Melee: Spear             ||    39
       Constrict         ||     7
       Tentacles         ||     4
 Cast: Magic Dart        ||    71
 Stab: Sleeping          ||     2
       Distracted        ||     1
  Eat: Chunk             ||     3
Armor: Skin              ||     8
Dodge: Dodged            ||    27
